 Dungeon Crawl Stone Soup version 0.28-a0-653-g7e9dba17c3 (webtiles) character file.

Game seed: 5596461063757206919

116 KoroneIsBestGirl the Shield-Bearer (level 5, 0/28 HPs)
             Began as a Vine Stalker Fighter on Oct 11, 2021.
             Killed by divine providence
             ... invoked by an orc priest
              (10 damage)
             ... on level 4 of the Dungeon.
             The game lasted 00:02:31 (2357 turns).

KoroneIsBestGirl the Shield-Bearer (VSFi)           Turns: 2357, Time: 00:02:31

Health: 0/28       AC:  6    Str: 17 (20) XL:     5   Next: 0%
Magic:  0/6        EV:  9    Int:  7 (8)  God:
Gold:   93         SH:  4    Dex: 12 (13) Spells: 4/4 levels left

rFire   . . .      SeeInvis .   d - +1 morningstar (drain)
rCold   . . .      Faith    .   c - +0 buckler
rNeg    . . .      Spirit   +   b - +0 scale mail
rPois   .          Reflect  .   (no helmet)
rElec   .          Harm     .   (no cloak)
rCorr   .          Rampage  .   (no gloves)
Will    .....                   (no boots)
Stlth   ..........              (no amulet)
HPRegen 1.09/turn               (no ring)
MPRegen 0.10/turn               (no ring)

@: no status effects
A: fangs 2, regeneration 1, magic shield, antimagic bite, no potion heal 2
a: no special abilities


You were on level 4 of the Dungeon.
You visited 1 branch of the dungeon, and saw 4 of its levels.

You collected 93 gold pieces.

Inventory:

Hand Weapons
 a - a +0 trident
 d - a +1 morningstar of draining (weapon)
Armour
 b - a +0 scale mail (worn)
 c - a +0 buckler (worn)
Wands
 k - a wand of digging (4)
Scrolls
 e - 4 scrolls of identify {unknown}
 h - a scroll of enchant weapon {unknown}
 i - 2 scrolls of fog {unknown}
Potions
 f - a potion of degeneration
 j - a potion of cancellation {unknown}
 l - 2 potions of brilliance {unknown}


   Skills:
 + Level 3.3 Fighting
 + Level 2.7 Polearms
 + Level 3.1 Armour
 + Level 3.4 Shields


You had 4 spell levels left.
You didn't know any spells.
Your spell library contained the following spells:

 Spells                   Type           Power      Damage    Failure   Level
 Call Canine Familiar     Summ           0%         N/A       99%         3
 Portal Projectile        Hex/Tloc       0%         N/A       99%         3
 Leda's Liquefaction      Hex/Erth       0%         N/A       100%        4


Dungeon Overview and Level Annotations

Branches:
Dungeon (4/15)
 Temple: D:4-7

Altars:
Okawaru

Shops:
D:1 !

Annotations:
D:4 Pikel


Innate Abilities, Weirdness & Mutations

You have extremely sharp teeth.
Your natural rate of healing is unusually fast.
When hurt, damage is shared between your health and your magic reserves.
Your bite disrupts and absorbs the magic of your enemies.
Potions cannot restore your health.


Message History

You hit Pikel but do no damage. Your bite misses Pikel.
Pikel is lightly wounded.
Pikel hits you but does no damage.
Pikel hits you with a +1 whip of freezing!
Pikel freezes you.
You barely miss Pikel. Your bite misses Pikel.
Pikel is lightly wounded.
A kobold comes into view. It is wielding a +0 dagger.
Pikel hits you with a +1 whip of freezing.
Pikel freezes you.
Your scale mail prevents you from hitting Pikel.
Pikel is lightly wounded.
The kobold shouts!
You hear a shout!
You hear an angry hiss.
You block Pikel's attack.
An orc priest comes into view. It is wielding a +0 war axe of venom.
You block Pikel's attack.
The orc priest shouts!
It was a potion of degeneration.
There was something very wrong with that liquid.
You feel weakened.
You feel dopey.
You feel clumsy. Pikel hits you but does no damage.
You hit Pikel but do no damage. You bite Pikel. You drain his power.
You feel invigorated.
Pikel is lightly wounded.
An orc wizard comes into view. It is wielding a +0 dagger.
Pikel misses you.
You barely miss Pikel.
Pikel is lightly wounded.
A ball python comes into view.
Pikel hits you with a +1 whip of freezing.
Pikel freezes you. You block Pikel's attack.
The ball python moves out of view.
It was a potion of curing.
That felt strangely inert.
A hobgoblin comes into view.
Pikel hits you with a +1 whip of freezing.
Pikel freezes you.
* * * LOW HITPOINT WARNING * * *
Pikel says, "Hell isn't that bad."
The orc priest mumbles some strange prayers to Beogh against you.
Beogh smites you!
You die...

#.# #.# #.#
#.#######
#.......##
#.........
#########K.g......
#...@.K555oo......
#.#######Soo.$..#.
#o........
#####...#. ...#
..# .# .#


You could see Pikel, 3 lemures, an orc priest, 2 orc wizards, an orc, a
hobgoblin (wandering), a ball python and a kobold.

Vanquished Creatures
  A jelly (D:3)
  2 adders (D:2)
  A worm (D:3)
  3 dart slugs
  An orc (D:3)
  11 endoplasms
  5 giant cockroaches
  9 goblins
  4 hobgoblins
  6 kobolds
  A quokka (D:3)
  A ball python (D:3)
  5 bats
  3 frilled lizards
  4 rats
57 creatures vanquished.

Notes
Turn   | Place    | Note
-------+----------+-------------------------------------------
     0 | D:1      | KoroneIsBestGirl the Vine Stalker Fighter began the quest
                  | for the Orb.
     0 | D:1      | Reached XP level 1. HP: 11/11 MP: 2/2
   473 | D:1      | Found Athrong's Distillery.
   478 | D:1      | Found a faded altar of an unknown god.
   543 | D:1      | Reached XP level 2. HP: 16/16 MP: 3/3
   844 | D:2      | Reached XP level 3. HP: 14/20 MP: 2/4
  1739 | D:2      | Gained mutation: Your natural rate of healing is unusually
                  | fast. [Vine Stalker growth]
  1739 | D:2      | Reached XP level 4. HP: 24/24 MP: 5/5
  2067 | D:3      | Found an iron altar of Okawaru.
  2172 | D:3      | Reached XP level 5. HP: 28/28 MP: 6/6
  2337 | D:4      | Noticed Pikel
  2337 | D:4      | Noticed a lemure
  2337 | D:4      | Noticed a lemure
  2339 | D:4      | Noticed a lemure
  2340 | D:4      | Noticed a lemure
  2357 | D:4      | Killed from afar by an orc priest

Illustrated notes

Levels and vault maps discovered:
D:1:      ncdulo_watergridlock, layout_basic, serial_shops, nicolae_shop_trees,
          ebering_ecumenical_altar_hall
D:2:      minmay_general_purpose_star, layout_loops_ring,
          kennysheep_generic_room_4
D:3:      layout_basic, okawaru_gym_becter, kennysheep_generic_room_2
D:4:      old_forge, layout_basic, serial_shops, shop_statue,
          nicolae_shop_window_shopping, shop, nicolae_lakefront_shop,
          shop_statue, uniq_duvessa, uniq_pikel

Skill      XL: |  1  2  3  4 |
---------------+-------------+-----
Polearms       | 2 |  2.7
Shields        | 3 |  3.4
Fighting       | 3 |  3.3
Armour         | 3 |  3.1

Action                   |  1- 3 |  4- 6 || total
-------------------------+-------+-------++-------
Melee: Trident           |    78 |       ||    78
       Bite              |    13 |    17 ||    30
       Morningstar       |     5 |    46 ||    51
  Use: Potion            |     1 |     2 ||     3
Armor: Scale mail        |    30 |    17 ||    47
Dodge: Dodged            |    41 |    16 ||    57
Block: Buckler           |    13 |    11 ||    24

Table legend: (Time is in decaauts)
 A = Elapsed time spent in this place.
 B = Non-inter-level travel time spent in this place.
 C = Inter-level travel time spent in this place.
 D = Time resting spent in this place.
 E = Time spent auto-exploring this place.
 F = Levels seen in this place.
 G = Mean time per level.
                   A        B        C        D        E       F      G
               +--------+--------+--------+--------+--------+-----+--------+
         Total |   2400 |   2299 |    101 |     37 |   1908 |   4 |  600.0 |
       Dungeon |   2400 |   2299 |    101 |     37 |   1908 |   4 |  600.0 |
               +--------+--------+--------+--------+--------+-----+--------+

Top non-repeatable levels by time:
     D:2: 1049 daAuts
     D:1: 844 daAuts
     D:3: 481 daAuts
     D:4: 24 daAuts
